 Dungeon Crawl Stone Soup version 0.28.0-45-g0d030f2227 (webtiles) character file.

Game seed: 1233769675829407750

255 Icepheonix32 the Chopper (level 5, -2/40 HPs)
             Began as a Demonspawn Gladiator on Apr 16, 2022.
             Slain by a hornet (6 damage)
             ... on level 3 of the Dungeon.
             The game lasted 00:03:17 (2816 turns).

Icepheonix32 the Chopper (Demonspawn Gladiator)     Turns: 2816, Time: 00:03:17

Health: -2/40      AC:  5    Str: 16    XL:     5   Next: 91%
Magic:  5/5        EV: 12    Int:  9    God:
Gold:   62         SH:  0    Dex: 15    Spells: 4/4 levels left

rFire   . . .      SeeInvis .   a - +0 war axe
rCold   . . .      Faith    .   i - orb {mayhem}
rNeg    . . .      Spirit   .   b - +0 leather armour
rPois   .          Reflect  .   c - +0 helmet
rElec   .          Harm     .   l - scarf {+Inv}
rCorr   .          Rampage  .   (no gloves)
Will    .....                   (no boots)
Stlth   +.........              (no amulet)
HPRegen 0.13/turn               (no ring)
MPRegen 0.09/turn               (no ring)

@: lethally poisoned (-2 -> -13), flying, hasted and slowed
A: hooves 1, ignite blood 1, sharp scales 1
a: Evoke Invisibility


You were on level 3 of the Dungeon.
You visited 1 branch of the dungeon, and saw 4 of its levels.

You collected 62 gold pieces.

Inventory:

Hand Weapons
 a - a +0 war axe (weapon)
 n - a +2 dagger of speed
Missiles
 d - 3 throwing nets
 o - 2 boomerangs (quivered)
Armour
 b - a +0 leather armour (worn)
 c - a +0 helmet (worn)
 f - a +0 ring mail
 i - an orb of mayhem (worn)
 l - a scarf of invisibility (worn)
Jewellery
 m - a ring of positive energy
Scrolls
 e - a scroll of fog {unknown}
 h - a scroll of silence {unknown}
Potions
 k - a potion of flight


   Skills:
 + Level 2.8 Fighting
 * Level 5.1 Axes
 + Level 1.9 Throwing
 + Level 1.2 Armour
 + Level 3.1 Dodging
 + Level 0.8 Stealth


You had 4 spell levels left.
You didn't know any spells.
Your spell library contained the following spells:

 Spells                   Type           Power      Damage    Failure   Level
 Summon Small Mammal      Summ           0%         N/A       45%         1
 Call Canine Familiar     Summ           0%         N/A       83%         3
 Summon Guardian Golem    Hex/Summ       0%         N/A       83%         3


Dungeon Overview and Level Annotations

Branches:
Dungeon (4/15)
 Temple: D:4-7

Altars:
Qazlal


Innate Abilities, Weirdness & Mutations

You have large cloven feet.
Your demonic aura sometimes causes spilled blood to erupt in flames.
You are partially covered in razor-sharp scales. (AC +1, Slay +1)


Message History

The hornet stings you!
You feel yourself slow down.
You feel yourself speed up. The hornet stings you!
You feel yourself slow down. The hornet stings you.
* * * LOW HITPOINT WARNING * * *
You feel as though you will be slow longer.
The adder misses you.
The hornet stings you but does no damage.
You climb upwards.
There is a stone staircase leading down here.
Okay, then.
It was a potion of flight.
You feel very buoyant.
You fly up into the air.
The hornet stings you!
* * * LOW HITPOINT WARNING * * *
You feel as though you will be slow longer.
The hornet completely misses you.
Unknown command.
It was a potion of heal wounds.
You feel much better. The hornet misses you. The hornet closely misses you.
You hit the hornet but do no damage.
The hornet is lightly wounded.
The hornet closely misses you.
The hornet stings you but does no damage.
The hornet barely misses you.
You slash the hornet! You kick the hornet.
The hornet is heavily wounded.
You feel yourself speed up. The hornet stings you.
You are poisoned.
You feel yourself slow down. The hornet stings you!
You feel as though you will be slow longer.
The hornet stings you.
* * * LOW HITPOINT WARNING * * *
You are lethally poisoned!
You feel as though you will be slow longer.
It was a potion of haste.
You feel yourself speed up.
* * * LOW HITPOINT WARNING * * *
You feel very sick. The hornet stings you.
You die...

.....##.....##.##.# #.# #.
+++####..#####.##.# #.########.
...# ##..#####.##.# #..........
.### #..........#.### ###########
## #...#.####..#..#############
#...#.####........#.........
######...#.##.......##.#.......##
##............#.y......#.......##
..............#.@##..............
##..................##.#........#
######..)#######..####.#........#
#...# ##.......#......... #...#
#..........#####..# ######...###
#.#.#.####.# #... ...........#
#.#.#.####.# ##.. ####..#.##.#
#.#......#.# ### ........##.#
#.###.##.#.#


You could see a hornet.

Vanquished Creatures
  An ogre (D:3)
  A jelly (D:3)
  Terence (D:3)
  3 adders
  An adder skeleton (D:2)
  A worm (D:2)
  2 dart slugs
  An orc (D:3)
  5 ball pythons
  14 endoplasms
  5 giant cockroaches
  10 goblins
  2 hobgoblins
  7 jackals
  2 quokkas (D:1)
  6 bats
  3 frilled lizards
  4 kobolds
  5 rats
74 creatures vanquished.

Vanquished Creatures (collateral kills)
  A jackal (D:3)
1 creature vanquished.

Vanquished Creatures (others)
  A ball python (D:4)
1 creature vanquished.

Grand Total: 76 creatures vanquished

Notes
Turn   | Place    | Note
-------+----------+-------------------------------------------
     0 | D:1      | Icepheonix32 the Demonspawn Gladiator began the quest for
                  | the Orb.
     0 | D:1      | Reached XP level 1. HP: 16/16 MP: 1/1
   266 | D:1      | Reached skill level 3 in Axes
   288 | D:1      | Gained mutation: You are partially covered in razor-sharp
                  | scales. (AC +1, Slay +1) [demonic ancestry]
   288 | D:1      | Reached XP level 2. HP: 20/22 MP: 2/2
   685 | D:1      | Gained mutation: Your demonic aura sometimes causes spilled
                  | blood to erupt in flames. [demonic ancestry]
   685 | D:1      | Reached XP level 3. HP: 23/27 MP: 3/3
  1393 | D:2      | Gained mutation: You have large cloven feet. [demonic
                  | ancestry]
  1393 | D:2      | Reached XP level 4. HP: 30/34 MP: 4/4
  1786 | D:3      | Noticed an ogre
  1793 | D:3      | Killed an ogre
  1794 | D:3      | Reached skill level 4 in Axes
  1794 | D:3      | Reached skill level 1 in Armour
  1794 | D:3      | Reached XP level 5. HP: 14/39 MP: 5/5
  2035 | D:3      | Noticed Terence
  2044 | D:3      | Killed Terence
  2098 | D:3      | Found a stormy altar of Qazlal.
  2565 | D:3      | Reached skill level 5 in Axes
  2802 | D:4      | Noticed a hornet
  2816 | D:3      | Slain by a hornet

Illustrated notes

Levels and vault maps discovered:
D:1:      sevenhm_arrival_forest_fort_small_4, layout_basic
D:2:      layout_rooms, hangedman_decor_clover_reticule
D:3:      layout_loops_cross, mainiacjoe_overflow_alcove_4,
          kennysheep_cross_room, uniq_terence
D:4:      layout_rooms, general_overflow_altar,
          nicolae_overflow_hallway_of_the_gods, serial_shops, shop, minivault_27

Skill      XL: |  1  2  3  4  5 |
---------------+----------------+-----
Axes           | 3 4 5 |  5.1
Armour         | 1 |  1.2
Dodging        | 3 |  3.1
Fighting       | |  2.8
Throwing       | |  1.9
Stealth        | |  0.8

Action                   |  1- 3 |  4- 6 || total
-------------------------+-------+-------++-------
Melee: War axe           |    92 |    63 ||   155
       Kick              |       |    10 ||    10
Throw: Boomerang         |       |    11 ||    11
  Use: Potion            |       |     4 ||     4
 Stab: Sleeping          |     1 |       ||     1
Armor: Leather armour    |    38 |    21 ||    59
Dodge: Dodged            |    71 |    54 ||   125
